 Dungeon Crawl Stone Soup version 0.17-a0-1838-g891d947 (webtiles) character file.

27 abixa the Ruffian (level 3, -6/33 HPs)
             Began as a Ghoul Monk on Sept 15, 2015.
             Mangled by a gnoll (9 damage)
             ... on level 1 of the Dungeon.
             The game lasted 00:02:44 (1509 turns).

abixa the Ruffian (Ghoul Monk)                      Turns: 1509, Time: 00:02:44

Health: -6/33      AC:  2    Str: 14    XL:     3   Next: 10%
Magic:  2/2        EV: 12    Int:  5    God:
Gold:   47         SH:  0    Dex: 12    Spells: 0 memorised, 2 levels left

rFire  . . .     SeeInvis .     m - -1 dagger (curse)
rCold  + . .     Clarity  .     a - +0 robe
rNeg   + + +     SustAt   .     (no shield)
rPois  ∞         Gourm    .     (no helmet)
rElec  .         Spirit   .     (no cloak)
rCorr  .         Warding  +     (no gloves)
rMut   .         Stasis   .     (no boots)
MR     .....                    n - amulet of warding
Stlth  ++........               (no ring)
                                (no ring)

@: rotting, not resistant to hostile enchantments, unstealthy
A: rotting body, claws 1, carnivore 3, cold resistance 1, negative energy
resistance 3, slow healing 1, torment resistance, unbreathing
a: no special abilities


You were on level 1 of the Dungeon.
You were not hungry.

You visited 1 branch of the dungeon, and saw 2 of its levels.

You collected 47 gold pieces.

Inventory:

Hand weapons
 m - a cursed -1 dagger (weapon)
Missiles
 d - 16 bolts
 f - 45 stones (quivered)
 o - 7 poisoned needles
Armour
 a - a +0 robe (worn)
Jewellery
 i - an uncursed amulet of faith
 n - an amulet of warding (around neck)
Scrolls
 c - 2 scrolls of immolation
 l - a scroll of teleportation
Potions
 e - 2 potions of curing {unknown}
 h - a potion of might {unknown}
 k - a potion of brilliance {unknown}
 p - a potion of mutation {unknown}
Comestibles
 b - a meat ration


   Skills:
 + Level 3.9 Fighting
 - Level 2.6 Dodging
 - Level 2.1 Stealth
 - Level 5.0 Unarmed Combat


You had 2 spell levels left.
You didn't know any spells.

Dungeon Overview and Level Annotations

Branches:
Dungeon (2/15)

Altars:
Xom


Innate Abilities, Weirdness & Mutations

Your body is rotting away.
You thrive on raw meat.
You are immune to poison.
You have sharp fingernails.
You are carnivorous and can eat meat at any time.
Your flesh is cold resistant.
You are immune to negative energy.
You heal slowly when monsters are visible.
You are immune to unholy pain and torment.
You can survive without breathing.


Message History

The gnoll barely misses you.
A gnoll comes into view. It is wielding a halberd.
You hit the gnoll but do no damage. The gnoll hits you!
You barely miss the gnoll. The gnoll hits you.
An adder comes into view.
You see here a club.
There is a stone staircase leading up here.
The gnoll hits you.
You climb upwards.
There is a stone staircase leading down here.
You completely miss the gnoll. The gnoll hits you.
You barely miss the gnoll. The gnoll closely misses you.
You hit the gnoll but do no damage. The gnoll barely misses you.
You hit the gnoll but do no damage. The gnoll barely misses you.
You hit the gnoll but do no damage. The gnoll hits you!
* * * LOW HITPOINT WARNING * * *
You hit the gnoll.
The gnoll is moderately wounded.
The gnoll hits you!
You die...

#.###.............#)#
#.....
#.###.......#.^^..#.#
#.####
#...........#.._^.#.#
#.#
#####.........^^..#.#
#.# ##.#.###......#.#
#.# #.#.# #####..#.#
#.# #.#.# #.##.# #.#
#.#.#######.##># #.#
#.#.........@g.# #.#
#####.#######.######
#.# #.....# #.#
####.#### #.##### #.#
#....##.. #.#
#.######## ##.##.##.#
#.# #........#
#...###... #.#
########.#####.##
##.# #.# #...##.##
###. #.# ###...##..#
##...


You could see a gnoll.

Vanquished Creatures
  A worm (D:2)
  A bat (D:1)
  2 giant cockroaches
  6 goblins
  4 hobgoblins
  A quokka (D:2)
  A ball python (D:1)
  2 giant newts
  3 kobolds
  2 rats
23 creatures vanquished.

Notes
Turn   | Place    | Note
--------------------------------------------------------------
     0 | D:1      | abixa the Ghoul Monk began the quest for the Orb.
     0 | D:1      | Reached XP level 1. HP: 19/19 MP: 0/0
   144 | D:1      | Found a shimmering altar of Xom.
   195 | D:1      | Reached XP level 2. HP: 23/26 MP: 1/1
   327 | D:1      | Reached skill level 5 in Unarmed Combat
   916 | D:2      | Reached XP level 3. HP: 23/33 MP: 2/2
  1216 | D:2      | HP: 1/32 [worm (10)]
  1509 | D:1      | Mangled by a gnoll

Vault maps used:
D:1:      dpeg_arrival_arbitrary_b, xom_teletrap_fun
D:2:      first_bread, st_stairs_10

Action                   || total
-------------------------++-------
Melee: Unarmed           ||    26
       Dagger            ||    97
Throw: Stone             ||     3
  Use: Scroll            ||     3
 Stab: Sleeping          ||     5
       Distracted        ||     1
  Eat: Chunk             ||    11
